[ AOE2 MATCH · #476047003 ]
UnrankedPortuguese vs None
Player's team · LOSS
Rival team · WIN
[ REPLAY ANALYSIS · EXTRACTED FROM THE RECORDED GAME ]
Feudal
—
Castle
—
Imperial
—
| APM avg | 49.0 |
| APM peak | 103 |
| eAPM avg | 30.7 |
| Villagers / military | 0 / 2439 |
Focus
⚔️ 94.7% · 🌾 5.3%
Knight ×2336 · Hand Cannoneer ×103
Feudal
—
Castle
—
Imperial
—
| APM avg | 38.7 |
| APM peak | 77 |
| eAPM avg | 23.3 |
| Villagers / military | 0 / 408 |
Focus
⚔️ 98.7% · 🌾 1.3%
Hand Cannoneer ×137 · Battle Elephant ×131 · Knight ×130 · Cavalry Archer ×10
Feudal
—
Castle
—
Imperial
—
| APM avg | 64.3 |
| APM peak | 153 |
| eAPM avg | 58.6 |
| Villagers / military | 0 / 742 |
Focus
⚔️ 99.5% · 🌾 0.5%
Knight ×489 · Archer ×253
Feudal
—
Castle
—
Imperial
—
| APM avg | 30.8 |
| APM peak | 79 |
| eAPM avg | 16.3 |
| Villagers / military | 0 / 1563 |
Focus
⚔️ 93.0% · 🌾 7.0%
Knight ×943 · Archer ×553 · Battering Ram ×57 · Scout Cavalry ×10
Feudal
—
Castle
—
Imperial
—
| APM avg | 13.4 |
| APM peak | 54 |
| eAPM avg | 2.8 |
| Villagers / military | 0 / 0 |
Focus
⚔️ 100.0% · 🌾 0.0%
Feudal
—
Castle
—
Imperial
—
| APM avg | 26.9 |
| APM peak | 58 |
| eAPM avg | 15.3 |
| Villagers / military | 0 / 1331 |
Focus
⚔️ 89.9% · 🌾 10.1%
Archer ×1331
Feudal
—
Castle
—
Imperial
—
| APM avg | 32.6 |
| APM peak | 71 |
| eAPM avg | 12.5 |
| Villagers / military | 0 / 328 |
Focus
⚔️ 93.9% · 🌾 6.1%
Hand Cannoneer ×328
Feudal
—
Castle
—
Imperial
—
| APM avg | 56.5 |
| APM peak | 94 |
| eAPM avg | 33.1 |
| Villagers / military | 0 / 3172 |
Focus
⚔️ 95.1% · 🌾 4.9%
Knight ×1422 · Battle Elephant ×1330 · Archer ×420
Match map
Initial resources + every placement click. Lines = walls · curves = elevation contours. ◆ gold · ⬟ stone · ● berries · ✦ relic · ◌ wall gap
Your base· ✓ Map-separated
[SWRD] OverGame's base· Open
OttTheConqueror's base· Open
Swizz's base· Open
RJnoticer's base· ✓ Map-separated
iPlayer's base· Open
Lollo-01's base· Open
SS_Snap's base· Open
Smoothed initial terrain · ◌ = detected wall gap · hover for details
Inputs per minute
— [SWRD] Linkin - - [SWRD] OverGame
Build order — [SWRD] Linkin
First 150 of 708 actions detected
| 3:09 | Build | Stone Wall |
| 3:13 | Build | Stone Wall |
| 6:03 | Build | Stable |
| 6:04 | Build | Stable |
| 6:05 | Build | Stable |
| 6:07 | Build | Stable |
| 6:09 | Build | Stable |
| 6:10 | Build | Stable |
| 6:12 | Build | Stable |
| 6:15 | Build | Stable |
| 6:16 | Build | Stable |
| 6:18 | Build | Stable |
| 6:19 | Build | Stable |
| 6:20 | Build | Stable |
| 6:46 | Build | Stable |
| 6:46 | Build | Stable |
| 6:48 | Build | Stable |
| 6:48 | Build | Stable |
| 6:51 | Build | Stable |
| 6:53 | Build | Stable |
| 6:54 | Build | Stable |
| 6:55 | Build | Stable |
| 6:57 | Build | Stable |
| 6:58 | Build | Stable |
| 7:00 | Build | Stable |
| 7:01 | Build | Stable |
| 7:02 | Build | Stable |
| 7:03 | Build | Stable |
| 7:04 | Build | Stable |
| 7:05 | Build | Stable |
| 7:06 | Build | Stable |
| 7:07 | Build | Stable |
| 7:08 | Build | Stable |
| 7:46 | Build | Stable |
| 7:47 | Build | Stable |
| 7:48 | Build | Stable |
| 7:49 | Build | Stable |
| 7:50 | Build | Stable |
| 7:51 | Build | Stable |
| 7:52 | Build | Stable |
| 7:53 | Build | Stable |
| 8:02 | Research | Bloodlines |
| 13:57 | Research | Husbandry |
| 13:57 | Create | Knight ×5 |
| 13:57 | Create | Knight ×5 |
| 13:58 | Create | Knight ×5 |
| 13:58 | Create | Knight ×5 |
| 13:58 | Create | Knight ×5 |
| 13:58 | Create | Knight ×5 |
| 13:59 | Create | Knight ×5 |
| 13:59 | Create | Knight ×5 |
| 13:59 | Create | Knight ×5 |
| 14:00 | Create | Knight ×5 |
| 14:00 | Create | Knight ×5 |
| 14:01 | Research | Tech 1404 |
| 14:04 | Research | Chain Barding Armor |
| 14:04 | Research | Iron Casting |
| 14:05 | Research | Bodkin Arrow |
| 14:05 | Research | Leather Archer Armor |
| 14:06 | Research | Chain Mail Armor |
| 14:08 | Research | Ballistics |
| 14:09 | Research | Treadmill Crane |
| 14:09 | Research | Guard Tower (upgrade) |
| 14:10 | Research | Tech 909 |
| 14:11 | Research | Tech 908 |
| 14:11 | Research | Careening |
| 14:12 | Create | Knight ×5 |
| 14:13 | Create | Knight ×5 |
| 14:13 | Create | Knight ×5 |
| 14:13 | Create | Knight ×5 |
| 14:15 | Create | Knight ×5 |
| 14:15 | Create | Knight ×5 |
| 14:16 | Create | Knight ×5 |
| 14:16 | Create | Knight ×5 |
| 14:17 | Create | Knight ×5 |
| 14:17 | Create | Knight |
| 14:17 | Create | Knight |
| 14:18 | Create | Knight |
| 14:18 | Create | Knight |
| 14:18 | Create | Knight |
| 14:18 | Create | Knight |
| 14:18 | Create | Knight |
| 14:18 | Create | Knight |
| 14:18 | Create | Knight |
| 14:18 | Create | Knight |
| 14:19 | Create | Knight |
| 14:19 | Create | Knight |
| 14:19 | Create | Knight |
| 14:19 | Create | Knight |
| 14:19 | Create | Knight |
| 14:19 | Create | Knight |
| 14:19 | Create | Knight |
| 14:20 | Create | Knight |
| 14:20 | Create | Knight ×5 |
| 14:20 | Create | Knight |
| 14:20 | Create | Knight |
| 14:20 | Create | Knight |
| 14:20 | Create | Knight |
| 14:20 | Create | Knight ×5 |
| 14:20 | Create | Knight ×5 |
| 14:21 | Create | Knight |
| 14:21 | Create | Knight |
| 14:21 | Create | Knight |
| 14:21 | Create | Knight |
| 14:21 | Create | Knight ×5 |
| 14:21 | Create | Knight |
| 14:21 | Create | Knight ×5 |
| 14:22 | Create | Knight |
| 14:22 | Create | Knight |
| 14:22 | Create | Knight ×5 |
| 14:22 | Create | Knight ×5 |
| 14:22 | Create | Knight ×5 |
| 14:22 | Create | Knight ×5 |
| 14:22 | Create | Knight |
| 14:22 | Create | Knight |
| 14:23 | Create | Knight ×5 |
| 14:23 | Create | Knight |
| 14:23 | Create | Knight |
| 14:23 | Create | Knight |
| 14:23 | Create | Knight |
| 14:23 | Create | Knight ×5 |
| 14:23 | Create | Knight ×5 |
| 14:24 | Create | Knight |
| 14:24 | Create | Knight ×5 |
| 14:24 | Create | Knight |
| 14:24 | Create | Knight |
| 14:24 | Create | Knight |
| 14:24 | Create | Knight |
| 14:24 | Create | Knight |
| 14:24 | Create | Knight ×5 |
| 14:24 | Create | Knight ×5 |
| 14:25 | Create | Knight ×5 |
| 14:25 | Create | Knight ×5 |
| 14:40 | Create | Knight ×5 |
| 14:40 | Create | Knight |
| 14:41 | Create | Knight ×5 |
| 14:41 | Create | Knight ×5 |
| 14:45 | Create | Knight |
| 15:01 | Create | Knight |
| 15:01 | Create | Knight ×5 |
| 15:01 | Create | Knight ×5 |
| 15:02 | Create | Knight ×5 |
| 15:02 | Create | Knight ×5 |
| 15:02 | Create | Knight ×5 |
| 15:02 | Create | Knight ×3 |
| 15:33 | Create | Knight ×5 |
| 15:33 | Create | Knight ×5 |
| 15:33 | Create | Knight ×5 |
| 15:33 | Create | Knight ×5 |
| 15:34 | Create | Knight ×5 |
Build order — [SWRD] OverGame
First 150 of 153 actions detected
| 21:45 | Research | Bodkin Arrow |
| 21:46 | Research | Leather Archer Armor |
| 21:46 | Research | Chain Barding Armor |
| 21:46 | Research | Iron Casting |
| 21:47 | Research | Chain Mail Armor |
| 21:49 | Research | Ballistics |
| 21:49 | Research | Ballistics |
| 21:50 | Research | Guard Tower (upgrade) |
| 21:51 | Research | Careening |
| 21:51 | Research | Tech 908 |
| 21:51 | Research | Tech 909 |
| 21:51 | Research | Tech 908 |
| 30:56 | Build | Stable |
| 30:57 | Build | Stable |
| 30:58 | Build | Stable |
| 31:00 | Build | Stable |
| 31:01 | Build | Stable |
| 31:03 | Build | Stable |
| 31:49 | Build | Stable |
| 31:51 | Build | Stable |
| 31:52 | Build | Stable |
| 31:53 | Build | Stable |
| 31:57 | Build | Archery Range |
| 32:00 | Build | Archery Range |
| 32:07 | Build | Archery Range |
| 32:15 | Build | Archery Range |
| 32:16 | Build | Archery Range |
| 33:05 | Research | Bracer |
| 33:06 | Research | Ring Archer Armor |
| 33:06 | Research | Plate Barding Armor |
| 33:06 | Research | Blast Furnace |
| 33:09 | Research | Siege Engineers |
| 33:09 | Research | Keep (upgrade) |
| 33:10 | Research | Keep (upgrade) |
| 33:12 | Research | Conscription |
| 33:12 | Research | Sappers |
| 33:12 | Research | Spies/Treason |
| 33:13 | Research | Elite Ballista Elephant (upgrade) |
| 33:13 | Research | Tusk Swords |
| 34:24 | Build | Archery Range |
| 34:26 | Build | Archery Range |
| 34:28 | Build | Archery Range |
| 34:29 | Build | Archery Range |
| 34:31 | Build | Archery Range |
| 34:33 | Build | Archery Range |
| 34:35 | Build | Archery Range |
| 34:36 | Build | Archery Range |
| 34:38 | Build | Archery Range |
| 35:02 | Research | Bloodlines |
| 35:02 | Research | Husbandry |
| 35:03 | Research | Cavalier (upgrade) |
| 35:03 | Research | Elite Battle Elephant (upgrade) |
| 35:05 | Create | Battle Elephant ×5 |
| 35:06 | Create | Battle Elephant ×5 |
| 35:06 | Create | Battle Elephant ×5 |
| 35:06 | Create | Battle Elephant ×5 |
| 35:07 | Create | Battle Elephant ×5 |
| 35:07 | Create | Battle Elephant ×5 |
| 35:07 | Create | Battle Elephant ×5 |
| 35:08 | Create | Battle Elephant ×5 |
| 35:08 | Create | Battle Elephant ×5 |
| 35:08 | Create | Battle Elephant ×5 |
| 35:09 | Create | Battle Elephant ×5 |
| 35:09 | Create | Battle Elephant ×5 |
| 35:09 | Create | Battle Elephant |
| 35:21 | Research | Elite Skirmisher (upgrade) |
| 35:24 | Research | Parthian Tactics |
| 35:24 | Research | Heavy Cavalry Archer (upgrade) |
| 35:24 | Research | Parthian Tactics |
| 35:26 | Research | Crossbowman (upgrade) |
| 35:26 | Research | Crossbowman (upgrade) |
| 35:27 | Create | Cavalry Archer ×5 |
| 35:28 | Create | Cavalry Archer ×5 |
| 35:28 | Create | Hand Cannoneer ×5 |
| 35:29 | Create | Hand Cannoneer ×5 |
| 35:29 | Create | Hand Cannoneer ×5 |
| 35:29 | Create | Hand Cannoneer ×5 |
| 35:30 | Create | Hand Cannoneer ×5 |
| 35:30 | Create | Hand Cannoneer ×5 |
| 35:31 | Create | Hand Cannoneer ×5 |
| 35:31 | Create | Hand Cannoneer |
| 36:05 | Create | Battle Elephant ×5 |
| 36:05 | Create | Battle Elephant ×5 |
| 36:06 | Create | Battle Elephant ×5 |
| 36:06 | Create | Battle Elephant ×5 |
| 36:06 | Create | Battle Elephant ×5 |
| 36:07 | Create | Battle Elephant ×5 |
| 36:07 | Create | Battle Elephant ×5 |
| 36:17 | Create | Hand Cannoneer ×5 |
| 36:18 | Create | Hand Cannoneer ×5 |
| 36:18 | Create | Hand Cannoneer ×5 |
| 36:18 | Create | Hand Cannoneer ×5 |
| 36:30 | Create | Battle Elephant ×5 |
| 36:31 | Create | Battle Elephant ×5 |
| 36:31 | Create | Battle Elephant ×5 |
| 36:31 | Create | Battle Elephant ×5 |
| 36:32 | Create | Battle Elephant ×5 |
| 36:32 | Create | Battle Elephant ×5 |
| 36:32 | Create | Battle Elephant ×5 |
| 36:36 | Create | Hand Cannoneer ×5 |
| 36:36 | Create | Hand Cannoneer ×5 |
| 36:36 | Create | Hand Cannoneer ×2 |
| 36:47 | Build | Archery Range |
| 36:48 | Build | Archery Range |
| 36:49 | Build | Archery Range |
| 36:51 | Build | Archery Range |
| 36:52 | Build | Archery Range |
| 38:27 | Create | Hand Cannoneer ×5 |
| 38:27 | Create | Hand Cannoneer ×5 |
| 38:28 | Create | Hand Cannoneer ×5 |
| 38:28 | Create | Hand Cannoneer ×5 |
| 38:28 | Create | Hand Cannoneer ×5 |
| 38:29 | Create | Hand Cannoneer ×5 |
| 38:29 | Create | Hand Cannoneer ×5 |
| 38:29 | Create | Hand Cannoneer ×5 |
| 38:30 | Create | Hand Cannoneer ×5 |
| 38:30 | Create | Hand Cannoneer ×5 |
| 38:30 | Create | Hand Cannoneer ×5 |
| 38:31 | Create | Hand Cannoneer ×5 |
| 38:31 | Create | Hand Cannoneer ×5 |
| 38:31 | Create | Hand Cannoneer ×4 |
| 38:35 | Create | Knight ×5 |
| 38:36 | Create | Knight ×5 |
| 38:36 | Create | Knight ×5 |
| 38:36 | Create | Knight ×5 |
| 38:37 | Create | Knight ×5 |
| 38:37 | Create | Knight ×5 |
| 38:37 | Create | Knight ×5 |
| 38:38 | Create | Knight ×5 |
| 38:38 | Create | Knight ×5 |
| 38:38 | Create | Knight ×5 |
| 38:39 | Create | Knight ×5 |
| 38:39 | Create | Knight ×5 |
| 38:39 | Create | Knight ×5 |
| 38:40 | Create | Knight ×5 |
| 38:40 | Create | Knight ×5 |
| 38:41 | Create | Knight ×5 |
| 38:41 | Create | Knight ×5 |
| 38:41 | Create | Knight ×5 |
| 38:42 | Create | Knight ×5 |
| 38:42 | Create | Knight ×5 |
| 38:43 | Create | Knight ×5 |
| 38:43 | Create | Knight ×5 |
| 38:43 | Create | Knight ×5 |
| 38:44 | Create | Knight ×5 |
| 38:44 | Create | Knight ×5 |
| 38:45 | Create | Knight ×5 |
| 39:13 | Build | Stable |
| 39:15 | Build | Stable |
| 39:17 | Build | Stable |
Build order — OttTheConqueror
First 150 of 220 actions detected
| 6:41 | Build | Archery Range |
| 6:44 | Build | Archery Range |
| 6:51 | Build | Stable |
| 7:32 | Build | Stable |
| 9:38 | Build | Archery Range |
| 9:41 | Build | Archery Range |
| 9:47 | Build | Stable |
| 9:49 | Build | Stable |
| 10:52 | Research | Bodkin Arrow |
| 10:54 | Research | Leather Archer Armor |
| 11:06 | Research | Ballistics |
| 11:12 | Research | Cilician Fleet |
| 11:12 | Research | Cilician Fleet |
| 12:20 | Build | Archery Range |
| 12:25 | Build | Stable |
| 12:34 | Build | Archery Range |
| 12:39 | Build | Archery Range |
| 12:41 | Build | Archery Range |
| 12:46 | Research | Bloodlines |
| 12:47 | Research | Husbandry |
| 12:48 | Research | Husbandry |
| 12:52 | Create | Knight ×5 |
| 12:52 | Create | Knight ×5 |
| 12:52 | Create | Knight ×5 |
| 12:52 | Create | Knight ×5 |
| 12:52 | Create | Knight ×5 |
| 12:52 | Create | Knight ×5 |
| 14:46 | Build | Stable |
| 15:31 | Build | Stable |
| 15:37 | Build | Stable |
| 15:44 | Build | Stable |
| 15:47 | Build | Stable |
| 16:01 | Research | Crossbowman (upgrade) |
| 16:11 | Research | Iron Casting |
| 16:13 | Research | Chain Barding Armor |
| 16:34 | Create | Knight ×5 |
| 16:34 | Create | Knight ×5 |
| 16:34 | Create | Knight ×5 |
| 16:34 | Create | Knight ×5 |
| 16:34 | Create | Knight ×5 |
| 16:35 | Create | Knight ×5 |
| 16:35 | Create | Knight ×5 |
| 16:35 | Create | Knight ×5 |
| 16:35 | Create | Knight ×5 |
| 16:35 | Create | Knight ×5 |
| 16:35 | Create | Knight ×5 |
| 16:36 | Create | Knight ×5 |
| 16:36 | Create | Knight ×5 |
| 16:36 | Create | Knight ×5 |
| 16:43 | Research | Arbalester (upgrade) |
| 16:44 | Create | Archer ×5 |
| 16:44 | Create | Archer ×5 |
| 16:45 | Create | Archer ×5 |
| 16:45 | Create | Archer ×5 |
| 16:45 | Create | Archer ×5 |
| 16:45 | Create | Archer ×5 |
| 16:46 | Create | Archer ×5 |
| 16:46 | Create | Archer ×5 |
| 16:46 | Create | Archer ×5 |
| 16:46 | Create | Archer ×5 |
| 16:46 | Create | Archer ×5 |
| 16:46 | Create | Archer ×5 |
| 16:46 | Create | Archer ×5 |
| 16:57 | Research | Bracer |
| 16:59 | Research | Ring Archer Armor |
| 17:01 | Research | Chain Barding Armor |
| 17:07 | Research | Chemistry |
| 17:08 | Research | Guard Tower (upgrade) |
| 17:14 | Research | Spies/Treason |
| 17:15 | Research | Conscription |
| 17:16 | Research | Fereters |
| 17:18 | Research | Elite Composite Bowman (upgrade) |
| 17:37 | Build | Stable |
| 17:46 | Build | Stable |
| 17:51 | Build | Archery Range |
| 17:58 | Build | Archery Range |
| 18:06 | Build | Archery Range |
| 18:09 | Build | Archery Range |
| 19:55 | Create | Knight ×5 |
| 19:56 | Create | Knight ×5 |
| 19:56 | Create | Knight ×5 |
| 19:56 | Create | Knight ×5 |
| 19:56 | Create | Knight ×5 |
| 19:56 | Create | Knight ×5 |
| 19:56 | Create | Knight ×5 |
| 19:57 | Create | Knight ×5 |
| 19:57 | Create | Knight ×5 |
| 19:57 | Create | Knight ×5 |
| 19:57 | Create | Knight ×5 |
| 19:57 | Create | Knight ×5 |
| 19:57 | Create | Knight ×5 |
| 20:13 | Research | Cavalier (upgrade) |
| 20:14 | Research | Cavalier (upgrade) |
| 20:17 | Research | Blast Furnace |
| 22:18 | Create | Archer ×5 |
| 22:18 | Create | Archer ×5 |
| 22:19 | Create | Archer ×5 |
| 22:19 | Create | Archer ×5 |
| 22:19 | Create | Archer ×5 |
| 22:19 | Create | Archer ×5 |
| 22:19 | Create | Archer ×5 |
| 22:19 | Create | Archer ×5 |
| 22:20 | Create | Archer ×5 |
| 22:20 | Create | Archer ×5 |
| 22:20 | Create | Archer ×5 |
| 22:20 | Create | Archer ×5 |
| 22:20 | Create | Archer ×5 |
| 22:21 | Create | Archer ×5 |
| 22:21 | Create | Archer ×5 |
| 22:21 | Create | Archer ×5 |
| 22:22 | Create | Archer ×5 |
| 22:22 | Create | Archer |
| 22:22 | Create | Archer |
| 22:22 | Create | Archer |
| 22:24 | Create | Knight ×5 |
| 22:24 | Create | Knight ×5 |
| 22:24 | Create | Knight ×5 |
| 22:25 | Create | Knight ×5 |
| 22:25 | Create | Knight ×5 |
| 22:26 | Create | Knight ×5 |
| 22:26 | Create | Knight ×5 |
| 22:26 | Create | Knight ×5 |
| 22:26 | Create | Knight ×5 |
| 22:26 | Create | Knight ×5 |
| 22:26 | Create | Knight ×5 |
| 22:26 | Create | Knight ×5 |
| 22:26 | Create | Knight ×5 |
| 22:27 | Create | Knight ×5 |
| 22:27 | Create | Knight ×5 |
| 22:27 | Create | Knight ×2 |
| 22:27 | Create | Knight ×2 |
| 22:27 | Create | Knight ×2 |
| 22:27 | Create | Knight ×2 |
| 25:39 | Build | Stable |
| 25:52 | Build | Stable |
| 25:55 | Build | Stable |
| 25:57 | Build | Archery Range |
| 26:00 | Build | Archery Range |
| 26:24 | Build | Stable |
| 26:27 | Build | Stable |
| 26:29 | Build | Stable |
| 27:54 | Create | Archer ×5 |
| 27:54 | Create | Archer ×5 |
| 27:54 | Create | Archer ×5 |
| 27:54 | Create | Archer ×5 |
| 27:54 | Create | Archer ×5 |
| 27:54 | Create | Archer ×5 |
| 27:54 | Create | Archer ×5 |
| 27:59 | Create | Knight ×5 |
| 28:00 | Create | Knight ×5 |
Build order — Swizz
First 150 of 396 actions detected
| 6:24 | Build | Stable |
| 6:25 | Build | Stable |
| 6:26 | Build | Stable |
| 6:36 | Build | Archery Range |
| 6:37 | Build | Archery Range |
| 6:39 | Build | Archery Range |
| 6:40 | Build | Archery Range |
| 6:41 | Build | Archery Range |
| 6:42 | Build | Archery Range |
| 6:43 | Build | Archery Range |
| 6:45 | Build | Stable |
| 6:46 | Build | Archery Range |
| 6:48 | Build | Stable |
| 6:49 | Build | Stable |
| 6:51 | Build | Stable |
| 7:05 | Build | Stable |
| 7:14 | Build | Stable |
| 11:06 | Create | Knight ×5 |
| 11:06 | Create | Scout Cavalry ×5 |
| 11:06 | Create | Knight ×5 |
| 11:07 | Create | Knight ×5 |
| 11:07 | Create | Knight ×5 |
| 11:07 | Create | Knight ×5 |
| 11:08 | Create | Knight ×5 |
| 11:08 | Create | Knight ×5 |
| 11:08 | Create | Knight ×5 |
| 11:09 | Create | Knight ×5 |
| 11:16 | Create | Knight ×5 |
| 11:16 | Create | Knight ×5 |
| 11:16 | Create | Knight ×5 |
| 11:17 | Create | Knight ×5 |
| 11:20 | Research | Crossbowman (upgrade) |
| 11:20 | Create | Archer ×5 |
| 11:20 | Create | Archer ×5 |
| 11:21 | Create | Archer ×5 |
| 11:21 | Create | Archer ×5 |
| 11:21 | Create | Archer ×5 |
| 11:21 | Create | Archer ×5 |
| 11:22 | Create | Archer ×5 |
| 11:22 | Create | Archer ×5 |
| 11:22 | Create | Archer ×5 |
| 11:23 | Create | Archer ×5 |
| 11:23 | Create | Archer ×5 |
| 11:23 | Create | Archer ×5 |
| 11:24 | Create | Archer ×5 |
| 11:24 | Create | Archer ×5 |
| 11:27 | Research | Bodkin Arrow |
| 11:27 | Research | Leather Archer Armor |
| 11:27 | Research | Iron Casting |
| 11:27 | Research | Chain Mail Armor |
| 11:27 | Research | Chain Barding Armor |
| 11:29 | Research | Treadmill Crane |
| 11:30 | Research | Ballistics |
| 11:30 | Research | Guard Tower (upgrade) |
| 11:31 | Research | Tech 909 |
| 11:31 | Research | Tech 909 |
| 11:31 | Research | Tech 908 |
| 11:32 | Research | Careening |
| 11:49 | Create | Archer ×4 |
| 11:49 | Create | Archer ×4 |
| 11:56 | Create | Archer ×5 |
| 11:56 | Create | Archer ×5 |
| 11:59 | Create | Knight ×5 |
| 11:59 | Create | Knight ×5 |
| 12:00 | Create | Knight |
| 12:01 | Create | Knight ×5 |
| 12:01 | Create | Knight ×5 |
| 12:02 | Create | Knight ×5 |
| 12:02 | Create | Knight ×5 |
| 14:04 | Create | Archer ×5 |
| 14:04 | Create | Archer ×5 |
| 14:04 | Create | Archer ×5 |
| 14:04 | Create | Archer ×5 |
| 14:05 | Create | Archer ×5 |
| 14:05 | Create | Archer ×5 |
| 14:05 | Create | Archer ×5 |
| 14:06 | Create | Archer ×5 |
| 14:06 | Create | Archer ×5 |
| 14:06 | Create | Archer ×5 |
| 14:06 | Create | Archer ×5 |
| 14:10 | Create | Knight ×5 |
| 14:10 | Create | Knight ×5 |
| 14:11 | Create | Knight ×5 |
| 14:11 | Create | Knight ×5 |
| 14:11 | Create | Knight ×5 |
| 14:12 | Create | Knight ×5 |
| 14:12 | Create | Knight ×5 |
| 14:12 | Create | Knight ×5 |
| 14:13 | Create | Knight ×5 |
| 14:13 | Create | Knight ×5 |
| 14:13 | Create | Knight ×5 |
| 14:14 | Create | Knight ×5 |
| 14:14 | Create | Knight ×5 |
| 14:14 | Create | Knight ×5 |
| 15:01 | Build | Siege Workshop |
| 15:03 | Build | Siege Workshop |
| 15:06 | Build | Siege Workshop |
| 15:07 | Build | Siege Workshop |
| 15:09 | Build | Siege Workshop |
| 15:10 | Build | Siege Workshop |
| 15:25 | Build | Stable |
| 15:28 | Build | Stable |
| 15:32 | Build | Stable |
| 15:34 | Build | Stable |
| 15:35 | Build | Stable |
| 15:36 | Build | Stable |
| 15:41 | Build | Stable |
| 16:17 | Create | Battering Ram ×5 |
| 16:17 | Create | Battering Ram ×5 |
| 16:18 | Create | Battering Ram ×5 |
| 16:18 | Create | Battering Ram ×5 |
| 16:55 | Create | Archer ×5 |
| 16:56 | Create | Archer ×5 |
| 16:56 | Create | Archer ×5 |
| 16:56 | Create | Archer ×5 |
| 16:57 | Create | Archer ×5 |
| 16:57 | Create | Archer ×5 |
| 16:57 | Create | Archer ×5 |
| 16:58 | Create | Archer ×5 |
| 16:58 | Create | Archer ×5 |
| 16:58 | Create | Archer ×5 |
| 16:58 | Create | Archer ×5 |
| 16:59 | Create | Archer ×5 |
| 16:59 | Create | Archer ×5 |
| 17:02 | Create | Knight ×5 |
| 17:02 | Create | Knight ×5 |
| 17:02 | Create | Knight ×5 |
| 17:03 | Create | Knight ×5 |
| 17:03 | Create | Knight ×5 |
| 17:03 | Create | Knight ×5 |
| 17:04 | Create | Knight ×5 |
| 17:04 | Create | Knight ×5 |
| 17:04 | Create | Knight ×5 |
| 17:05 | Create | Knight ×5 |
| 17:05 | Create | Knight ×5 |
| 17:05 | Create | Knight ×5 |
| 17:05 | Create | Knight ×5 |
| 17:06 | Create | Knight ×5 |
| 17:06 | Create | Knight ×5 |
| 17:06 | Create | Knight ×5 |
| 17:07 | Create | Knight ×5 |
| 17:07 | Create | Knight ×5 |
| 17:08 | Create | Knight ×5 |
| 17:28 | Create | Battering Ram ×5 |
| 17:29 | Create | Battering Ram ×5 |
| 17:29 | Create | Battering Ram ×5 |
| 17:29 | Create | Battering Ram ×5 |
| 17:30 | Create | Battering Ram ×5 |
| 17:30 | Create | Battering Ram ×5 |
| 17:30 | Create | Battering Ram ×5 |
Build order — RJnoticer
0 actions detected in the replay
Build order — iPlayer
First 150 of 368 actions detected
| 4:16 | Build | Stable |
| 4:18 | Build | Barracks |
| 4:23 | Build | Archery Range |
| 6:35 | Build | Archery Range |
| 6:39 | Build | Archery Range |
| 6:41 | Build | Archery Range |
| 6:43 | Build | Archery Range |
| 6:52 | Build | Archery Range |
| 6:54 | Build | Archery Range |
| 6:56 | Build | Archery Range |
| 6:58 | Build | Archery Range |
| 7:02 | Build | Archery Range |
| 7:05 | Build | Archery Range |
| 7:07 | Build | Archery Range |
| 7:09 | Build | Archery Range |
| 16:03 | Build | Archery Range |
| 16:05 | Build | Archery Range |
| 16:07 | Build | Archery Range |
| 16:08 | Build | Archery Range |
| 16:10 | Build | Archery Range |
| 16:14 | Build | Archery Range |
| 16:17 | Build | Archery Range |
| 16:18 | Build | Archery Range |
| 16:19 | Build | Archery Range |
| 16:20 | Build | Archery Range |
| 16:22 | Research | Thumb Ring |
| 16:23 | Research | Crossbowman (upgrade) |
| 16:23 | Research | Elite Skirmisher (upgrade) |
| 16:29 | Create | Archer ×5 |
| 16:30 | Create | Archer ×5 |
| 16:30 | Create | Archer ×5 |
| 16:30 | Create | Archer ×5 |
| 16:31 | Create | Archer ×5 |
| 16:31 | Create | Archer ×5 |
| 16:31 | Create | Archer ×5 |
| 16:32 | Create | Archer ×5 |
| 16:32 | Create | Archer ×5 |
| 16:32 | Create | Archer ×5 |
| 16:33 | Create | Archer ×5 |
| 16:33 | Create | Archer ×5 |
| 17:30 | Create | Archer ×5 |
| 17:30 | Create | Archer ×5 |
| 17:31 | Create | Archer ×5 |
| 17:31 | Create | Archer ×5 |
| 17:31 | Create | Archer ×5 |
| 17:31 | Create | Archer ×5 |
| 17:32 | Create | Archer ×5 |
| 17:32 | Create | Archer ×5 |
| 17:32 | Create | Archer ×5 |
| 17:33 | Create | Archer ×5 |
| 17:33 | Create | Archer ×5 |
| 17:33 | Create | Archer ×5 |
| 17:34 | Create | Archer ×5 |
| 17:34 | Create | Archer ×5 |
| 17:35 | Create | Archer ×5 |
| 17:35 | Create | Archer ×5 |
| 17:35 | Create | Archer ×5 |
| 17:36 | Create | Archer ×5 |
| 17:36 | Create | Archer ×5 |
| 17:36 | Create | Archer ×5 |
| 17:37 | Create | Archer ×5 |
| 17:37 | Create | Archer ×5 |
| 17:41 | Research | Bodkin Arrow |
| 17:42 | Research | Leather Archer Armor |
| 17:42 | Research | Chain Barding Armor |
| 17:43 | Research | Chain Mail Armor |
| 17:45 | Research | Ballistics |
| 17:46 | Research | Treadmill Crane |
| 17:48 | Research | Guard Tower (upgrade) |
| 17:48 | Research | Tech 908 |
| 17:49 | Research | Careening |
| 17:53 | Research | Szlachta Privileges |
| 18:18 | Create | Archer ×5 |
| 18:19 | Create | Archer ×5 |
| 18:19 | Create | Archer ×5 |
| 18:19 | Create | Archer ×5 |
| 18:20 | Create | Archer ×5 |
| 18:20 | Create | Archer ×5 |
| 18:20 | Create | Archer ×5 |
| 18:26 | Create | Archer ×5 |
| 18:27 | Create | Archer ×5 |
| 18:27 | Create | Archer ×5 |
| 18:27 | Create | Archer ×5 |
| 18:43 | Create | Archer ×5 |
| 18:43 | Create | Archer ×5 |
| 18:44 | Create | Archer ×5 |
| 18:44 | Create | Archer ×4 |
| 18:46 | Create | Archer ×5 |
| 19:48 | Create | Archer ×5 |
| 19:48 | Create | Archer ×5 |
| 19:48 | Create | Archer ×5 |
| 19:49 | Create | Archer ×5 |
| 19:49 | Create | Archer ×5 |
| 19:49 | Create | Archer ×5 |
| 19:50 | Create | Archer ×3 |
| 20:18 | Create | Archer ×5 |
| 20:18 | Create | Archer ×5 |
| 20:19 | Create | Archer ×3 |
| 20:19 | Create | Archer ×3 |
| 20:49 | Create | Archer ×5 |
| 20:49 | Create | Archer ×5 |
| 20:50 | Create | Archer ×5 |
| 21:21 | Create | Archer ×5 |
| 21:21 | Create | Archer ×5 |
| 21:21 | Create | Archer ×3 |
| 21:22 | Create | Archer ×3 |
| 21:48 | Create | Archer ×5 |
| 21:48 | Create | Archer ×5 |
| 21:49 | Create | Archer ×5 |
| 21:58 | Create | Archer ×5 |
| 21:59 | Create | Archer ×5 |
| 21:59 | Create | Archer |
| 22:06 | Create | Archer |
| 22:20 | Create | Archer |
| 22:33 | Create | Archer ×5 |
| 22:33 | Create | Archer ×5 |
| 22:33 | Create | Archer ×5 |
| 22:34 | Create | Archer ×5 |
| 22:34 | Create | Archer ×5 |
| 22:34 | Create | Archer ×5 |
| 22:35 | Create | Archer ×5 |
| 22:35 | Create | Archer ×5 |
| 22:35 | Create | Archer ×5 |
| 22:36 | Create | Archer ×5 |
| 22:47 | Create | Archer ×5 |
| 22:48 | Create | Archer ×5 |
| 22:48 | Create | Archer ×5 |
| 22:48 | Create | Archer ×5 |
| 22:49 | Create | Archer ×5 |
| 22:49 | Create | Archer ×5 |
| 22:49 | Create | Archer ×5 |
| 22:50 | Create | Archer ×5 |
| 22:50 | Create | Archer ×5 |
| 22:50 | Create | Archer ×5 |
| 22:51 | Create | Archer ×5 |
| 22:51 | Create | Archer ×5 |
| 22:51 | Create | Archer ×5 |
| 22:52 | Create | Archer ×5 |
| 22:52 | Create | Archer ×5 |
| 22:52 | Create | Archer ×5 |
| 22:53 | Create | Archer ×5 |
| 22:53 | Create | Archer ×5 |
| 22:53 | Create | Archer ×5 |
| 22:54 | Create | Archer ×5 |
| 22:54 | Create | Archer ×5 |
| 22:54 | Create | Archer ×5 |
| 22:55 | Create | Archer ×5 |
| 22:55 | Create | Archer ×5 |
| 22:55 | Create | Archer ×4 |
| 23:16 | Create | Archer ×5 |
Build order — Lollo-01
141 actions detected in the replay
| 13:22 | Research | Leather Archer Armor |
| 13:23 | Research | Bodkin Arrow |
| 13:23 | Research | Chain Barding Armor |
| 13:25 | Research | Iron Casting |
| 13:25 | Research | Chain Mail Armor |
| 13:27 | Research | Wagenburg Tactics |
| 15:36 | Research | Chemistry |
| 15:39 | Research | Ballistics |
| 15:40 | Research | Guard Tower (upgrade) |
| 15:40 | Research | Treadmill Crane |
| 15:41 | Research | Tech 909 |
| 22:23 | Research | Bracer |
| 22:25 | Research | Plate Mail Armor |
| 22:25 | Research | Blast Furnace |
| 22:26 | Research | Ring Archer Armor |
| 22:27 | Research | Elite Hussite Wagon (upgrade) |
| 22:28 | Research | Conscription |
| 22:29 | Research | Hussite Reforms |
| 22:29 | Research | Sappers |
| 22:30 | Research | Spies/Treason |
| 23:01 | Research | Bombard Tower (upgrade) |
| 23:04 | Research | Keep (upgrade) |
| 23:05 | Research | Arrowslits |
| 23:06 | Research | Siege Engineers |
| 23:07 | Research | Bombard Tower (upgrade) |
| 23:11 | Research | Siege Engineers |
| 23:12 | Research | Arrowslits |
| 23:13 | Research | Keep (upgrade) |
| 23:15 | Research | Bombard Tower (upgrade) |
| 23:15 | Research | Tech 910 |
| 23:26 | Research | Sappers |
| 23:44 | Research | Arrowslits |
| 23:45 | Research | Keep (upgrade) |
| 23:45 | Research | Bombard Tower (upgrade) |
| 23:46 | Research | Tech 910 |
| 34:34 | Build | Archery Range |
| 34:35 | Build | Archery Range |
| 34:36 | Build | Archery Range |
| 34:37 | Build | Archery Range |
| 34:39 | Build | Archery Range |
| 34:42 | Build | Archery Range |
| 34:43 | Build | Archery Range |
| 34:44 | Build | Archery Range |
| 34:45 | Build | Archery Range |
| 34:55 | Build | Bombard Tower |
| 34:56 | Build | Bombard Tower |
| 35:18 | Build | Archery Range |
| 35:19 | Build | Archery Range |
| 35:20 | Build | Archery Range |
| 35:22 | Build | Archery Range |
| 35:28 | Build | Archery Range |
| 35:29 | Build | Archery Range |
| 35:31 | Build | Archery Range |
| 36:00 | Create | Hand Cannoneer ×5 |
| 36:00 | Create | Hand Cannoneer ×5 |
| 36:01 | Create | Hand Cannoneer ×5 |
| 36:01 | Create | Hand Cannoneer ×5 |
| 36:41 | Create | Hand Cannoneer ×5 |
| 36:42 | Create | Hand Cannoneer ×5 |
| 36:42 | Create | Hand Cannoneer ×5 |
| 36:42 | Create | Hand Cannoneer ×5 |
| 36:42 | Create | Hand Cannoneer ×5 |
| 36:43 | Create | Hand Cannoneer ×5 |
| 36:43 | Create | Hand Cannoneer ×5 |
| 36:43 | Create | Hand Cannoneer |
| 36:56 | Create | Hand Cannoneer ×5 |
| 36:57 | Create | Hand Cannoneer ×5 |
| 36:57 | Create | Hand Cannoneer ×5 |
| 36:57 | Create | Hand Cannoneer ×5 |
| 36:58 | Create | Hand Cannoneer |
| 37:39 | Create | Hand Cannoneer ×5 |
| 37:40 | Create | Hand Cannoneer ×5 |
| 37:40 | Create | Hand Cannoneer ×5 |
| 37:40 | Create | Hand Cannoneer ×5 |
| 37:40 | Create | Hand Cannoneer ×5 |
| 37:41 | Create | Hand Cannoneer ×5 |
| 38:06 | Create | Hand Cannoneer ×5 |
| 38:06 | Create | Hand Cannoneer ×5 |
| 38:06 | Create | Hand Cannoneer ×5 |
| 38:07 | Create | Hand Cannoneer ×5 |
| 38:07 | Create | Hand Cannoneer ×5 |
| 38:07 | Create | Hand Cannoneer ×5 |
| 38:08 | Create | Hand Cannoneer ×5 |
| 38:08 | Create | Hand Cannoneer ×5 |
| 38:08 | Create | Hand Cannoneer ×5 |
| 38:09 | Create | Hand Cannoneer ×5 |
| 38:09 | Create | Hand Cannoneer ×5 |
| 38:09 | Create | Hand Cannoneer ×5 |
| 38:27 | Create | Hand Cannoneer ×5 |
| 38:28 | Create | Hand Cannoneer ×5 |
| 38:28 | Create | Hand Cannoneer ×5 |
| 38:28 | Create | Hand Cannoneer ×5 |
| 38:29 | Create | Hand Cannoneer ×5 |
| 38:29 | Create | Hand Cannoneer ×5 |
| 38:29 | Create | Hand Cannoneer ×5 |
| 38:30 | Create | Hand Cannoneer ×5 |
| 38:30 | Create | Hand Cannoneer ×5 |
| 38:47 | Create | Hand Cannoneer ×5 |
| 38:47 | Create | Hand Cannoneer ×5 |
| 38:48 | Create | Hand Cannoneer ×5 |
| 38:48 | Create | Hand Cannoneer ×5 |
| 38:49 | Create | Hand Cannoneer ×5 |
| 38:49 | Create | Hand Cannoneer ×5 |
| 38:49 | Create | Hand Cannoneer ×5 |
| 39:08 | Create | Hand Cannoneer ×5 |
| 39:09 | Create | Hand Cannoneer ×5 |
| 39:09 | Create | Hand Cannoneer ×5 |
| 39:09 | Create | Hand Cannoneer ×3 |
| 39:10 | Create | Hand Cannoneer ×3 |
| 39:32 | Build | Archery Range |
| 39:33 | Build | Archery Range |
| 39:34 | Build | Archery Range |
| 39:35 | Build | Archery Range |
| 39:37 | Build | Archery Range |
| 40:06 | Build | Archery Range |
| 40:08 | Build | Archery Range |
| 40:09 | Build | Archery Range |
| 40:10 | Build | Archery Range |
| 40:12 | Build | Archery Range |
| 40:14 | Build | Archery Range |
| 40:14 | Build | Archery Range |
| 40:15 | Build | Archery Range |
| 40:15 | Build | Archery Range |
| 40:29 | Create | Hand Cannoneer ×5 |
| 40:29 | Create | Hand Cannoneer ×5 |
| 40:29 | Create | Hand Cannoneer ×5 |
| 40:30 | Create | Hand Cannoneer ×5 |
| 40:30 | Create | Hand Cannoneer ×5 |
| 40:30 | Create | Hand Cannoneer ×5 |
| 40:30 | Create | Hand Cannoneer ×5 |
| 40:31 | Create | Hand Cannoneer ×5 |
| 40:31 | Create | Hand Cannoneer ×5 |
| 40:31 | Create | Hand Cannoneer ×5 |
| 40:32 | Create | Hand Cannoneer ×5 |
| 40:32 | Create | Hand Cannoneer ×5 |
| 40:43 | Build | Bombard Tower |
| 40:44 | Build | Bombard Tower |
| 40:44 | Build | Bombard Tower |
| 40:46 | Build | Bombard Tower |
| 40:47 | Build | Bombard Tower |
| 40:49 | Build | Bombard Tower |
Build order — SS_Snap
First 150 of 785 actions detected
| 3:50 | Build | Archery Range |
| 3:51 | Build | Archery Range |
| 3:54 | Build | Archery Range |
| 4:13 | Build | Stable |
| 4:15 | Build | Stable |
| 5:24 | Research | Bodkin Arrow |
| 5:24 | Research | Leather Archer Armor |
| 5:25 | Research | Leather Archer Armor |
| 5:28 | Research | Husbandry |
| 5:28 | Research | Husbandry |
| 5:33 | Build | Stable |
| 5:34 | Build | Stable |
| 5:35 | Build | Stable |
| 5:37 | Build | Stable |
| 5:40 | Build | Stable |
| 5:41 | Build | Stable |
| 5:42 | Build | Stable |
| 5:54 | Build | Stable |
| 5:58 | Research | Treadmill Crane |
| 5:59 | Research | Ballistics |
| 5:59 | Research | Guard Tower (upgrade) |
| 6:00 | Research | Guard Tower (upgrade) |
| 6:01 | Research | Crossbowman (upgrade) |
| 6:02 | Research | Thumb Ring |
| 6:02 | Research | Thumb Ring |
| 6:06 | Create | Knight ×5 |
| 6:06 | Create | Knight ×5 |
| 6:06 | Create | Knight ×5 |
| 6:07 | Create | Knight ×5 |
| 6:07 | Create | Knight ×5 |
| 7:15 | Create | Knight ×5 |
| 7:15 | Create | Knight ×5 |
| 7:15 | Create | Knight ×5 |
| 7:16 | Create | Knight ×5 |
| 7:16 | Create | Knight ×5 |
| 7:16 | Create | Knight ×5 |
| 7:17 | Create | Knight ×5 |
| 7:17 | Create | Knight ×5 |
| 7:18 | Create | Knight ×5 |
| 7:18 | Create | Knight ×4 |
| 7:35 | Create | Knight ×5 |
| 7:36 | Create | Knight ×5 |
| 7:36 | Create | Knight ×5 |
| 7:36 | Create | Knight ×5 |
| 7:37 | Create | Knight ×5 |
| 7:37 | Create | Knight ×5 |
| 7:37 | Create | Knight ×5 |
| 7:38 | Create | Knight ×5 |
| 7:38 | Create | Knight ×2 |
| 8:41 | Build | Barracks |
| 8:45 | Build | Stable |
| 8:45 | Build | Stable |
| 8:45 | Build | Stable |
| 8:46 | Build | Stable |
| 8:46 | Build | Stable |
| 8:46 | Build | Stable |
| 8:47 | Build | Stable |
| 8:48 | Build | Stable |
| 9:15 | Create | Knight ×5 |
| 9:15 | Create | Knight ×5 |
| 9:16 | Create | Knight ×5 |
| 9:16 | Create | Knight ×5 |
| 9:16 | Create | Knight ×5 |
| 9:17 | Create | Knight ×5 |
| 9:17 | Create | Knight ×5 |
| 9:18 | Create | Knight ×5 |
| 9:47 | Create | Knight ×5 |
| 9:47 | Create | Knight ×5 |
| 9:47 | Create | Knight ×5 |
| 9:48 | Create | Knight ×5 |
| 9:48 | Create | Knight ×5 |
| 9:48 | Create | Knight ×5 |
| 9:49 | Create | Knight ×5 |
| 9:49 | Create | Knight ×5 |
| 9:49 | Create | Knight ×5 |
| 9:50 | Create | Knight ×5 |
| 9:50 | Create | Knight ×5 |
| 9:51 | Create | Knight ×5 |
| 9:51 | Create | Knight ×5 |
| 9:51 | Create | Knight ×5 |
| 9:52 | Create | Knight ×5 |
| 9:52 | Create | Knight ×5 |
| 9:57 | Build | Stable |
| 9:59 | Build | Stable |
| 10:25 | Research | Long Swordsman (upgrade) |
| 10:26 | Research | Long Swordsman (upgrade) |
| 10:26 | Research | Pikeman (upgrade) |
| 10:27 | Research | Pikeman (upgrade) |
| 11:02 | Create | Knight ×5 |
| 11:02 | Create | Knight ×5 |
| 11:03 | Create | Knight ×5 |
| 11:03 | Create | Knight ×5 |
| 11:03 | Create | Knight ×5 |
| 11:04 | Create | Knight ×5 |
| 11:04 | Create | Knight ×5 |
| 11:04 | Create | Knight ×5 |
| 11:05 | Create | Knight ×5 |
| 11:05 | Create | Knight ×5 |
| 11:06 | Create | Knight ×5 |
| 11:06 | Create | Knight ×5 |
| 11:06 | Create | Knight ×5 |
| 11:07 | Create | Knight ×5 |
| 11:35 | Create | Knight ×5 |
| 11:35 | Create | Knight ×5 |
| 11:35 | Create | Knight ×5 |
| 11:36 | Create | Knight ×3 |
| 11:36 | Create | Knight ×3 |
| 11:37 | Create | Knight ×5 |
| 11:37 | Create | Knight ×5 |
| 11:37 | Create | Knight ×5 |
| 11:38 | Create | Knight ×5 |
| 11:48 | Build | Stable |
| 11:50 | Build | Stable |
| 11:52 | Build | Stable |
| 11:53 | Build | Stable |
| 11:54 | Build | Stable |
| 12:07 | Create | Knight ×5 |
| 12:08 | Create | Knight ×5 |
| 12:08 | Create | Knight ×5 |
| 12:08 | Create | Knight ×4 |
| 12:11 | Create | Knight ×5 |
| 12:11 | Create | Knight ×5 |
| 12:12 | Create | Knight |
| 12:12 | Create | Knight |
| 13:19 | Create | Knight ×5 |
| 13:20 | Create | Knight ×5 |
| 13:20 | Create | Knight ×5 |
| 13:20 | Create | Knight ×5 |
| 13:21 | Create | Knight ×5 |
| 13:21 | Create | Knight ×5 |
| 13:21 | Create | Knight ×5 |
| 13:22 | Create | Knight ×5 |
| 13:22 | Create | Knight ×5 |
| 13:22 | Create | Knight ×5 |
| 13:40 | Create | Knight ×5 |
| 13:40 | Create | Knight ×5 |
| 13:41 | Create | Knight ×5 |
| 13:41 | Create | Knight ×5 |
| 13:41 | Create | Knight ×5 |
| 13:42 | Create | Knight ×5 |
| 13:42 | Create | Knight ×5 |
| 13:42 | Create | Knight ×5 |
| 13:43 | Create | Knight |
| 14:03 | Create | Knight ×5 |
| 14:03 | Create | Knight ×5 |
| 14:03 | Create | Knight ×5 |
| 14:04 | Create | Knight ×5 |
| 14:04 | Create | Knight ×5 |
| 14:04 | Create | Knight ×5 |
| 14:05 | Create | Knight ×5 |
Match timeline
| 3:09 | [SWRD] Linkin · wall_segment Stone Wall x15 |
| 3:13 | [SWRD] Linkin · wall_segment Stone Wall x17 |
| 3:50 | SS_Snap · first_building Archery Range |
| 4:13 | SS_Snap · first_building Stable |
| 4:16 | iPlayer · first_building Stable |
| 4:18 | iPlayer · first_building Barracks |
| 4:23 | iPlayer · first_building Archery Range |
| 6:03 | [SWRD] Linkin · first_building Stable |
| 6:24 | Swizz · first_building Stable |
| 6:36 | Swizz · first_building Archery Range |
| 6:41 | OttTheConqueror · first_building Archery Range |
| 6:51 | OttTheConqueror · first_building Stable |
| 8:41 | SS_Snap · first_building Barracks |
| 15:01 | Swizz · first_building Siege Workshop |
| 24:53 | SS_Snap · first_building Siege Workshop |
| 27:35 | [SWRD] Linkin · wall_segment Stone Wall x1 |
| 27:37 | [SWRD] Linkin · wall_segment Stone Wall x1 |
| 27:39 | [SWRD] Linkin · wall_segment Stone Wall x1 |
| 27:43 | [SWRD] Linkin · wall_segment Stone Wall x1 |
| 27:44 | [SWRD] Linkin · wall_segment Stone Wall x1 |
| 27:46 | [SWRD] Linkin · wall_segment Stone Wall x1 |
| 30:56 | [SWRD] OverGame · first_building Stable |
| 31:57 | [SWRD] OverGame · first_building Archery Range |
| 34:34 | Lollo-01 · first_building Archery Range |
| 34:55 | [SWRD] Linkin · first_building Archery Range |
| 35:12 | SS_Snap · wall_segment Stone Wall x1 |
| 35:14 | SS_Snap · wall_segment Stone Wall x1 |
| 35:17 | SS_Snap · wall_segment Stone Wall x1 |
| 37:17 | Swizz · resign |
[ AI ANALYSIS · 1 CREDIT ]
What really happened in this match?
Wolo.gg analyzes every decision: build order, eco, micro, common mistakes by bracket. Personalized analysis on WhatsApp or Discord in 30 seconds.
Civ guide
Portuguese
Perfil
Jugador #2852024